 Dungeon Crawl Stone Soup version 0.27-a0-1105-g946c659c87 (webtiles) character file.

Game seed: 12980596978021516658

62 tsouns the Ruffian (level 3, -20/29 HPs)
             Began as a Demonspawn Fighter on Apr 30, 2021.
             Was a Follower of Makhleb.
             Blown up by Ijyb (25 damage)
             ... with a mindburst bolt
             ... on level 3 of the Dungeon.
             The game lasted 00:02:10 (1187 turns).

tsouns the Ruffian (Demonspawn Fighter)             Turns: 1187, Time: 00:02:10

Health: -20/29     AC: 10    Str: 17    XL:     3   Next: 85%
Magic:  3/3        EV:  6    Int:  9    God:    Makhleb [*.....]
Gold:   81         SH:  8    Dex: 12    Spells: 2/2 levels left

rFire    . . .     SeeInvis .     - Unarmed
rCold    . . .     Faith    .   b - +0 kite shield
rNeg     . . .     Spirit   .   a - +0 scale mail
rPois    .         Reflect  .   (no helmet)
rElec    .         Harm     .   (no cloak)
rCorr    .         Rampage  .   (no gloves)
Will     .....                  (no boots)
Stlth    ..........             (no amulet)
HPRegen  0.09/turn              i - +4 ring of protection
MPRegen  0.08/turn              (no ring)

@: mighty
A: spiny 1
a: Renounce Religion


You were on level 3 of the Dungeon.
You worshipped Makhleb.
Makhleb was aware of your devotion.
You visited 1 branch of the dungeon, and saw 3 of its levels.

You collected 81 gold pieces.

Inventory:

Armour
 a - a +0 scale mail (worn)
 b - a +0 kite shield (worn)
Jewellery
 i - a +4 ring of protection (left hand)
Scrolls
 d - a scroll of blinking {unknown}
 g - a scroll of amnesia {unknown}
Potions
 e - a potion of lignification {unknown}
 f - a potion of curing {unknown}
 h - a potion of heal wounds {unknown}


   Skills:
 - Level 3.0 Fighting
 - Level 2.6 Armour
 - Level 2.7 Shields
 * Level 3.8 Unarmed Combat


You had 2 spell levels left.
You didn't know any spells.
Your spell library was empty.

Dungeon Overview and Level Annotations

Branches:
Dungeon (3/15)

Altars:
Makhleb

Annotations:
D:3 Ijyb


Innate Abilities, Weirdness & Mutations

You are partially covered in sharp spines.


Message History

There is a stone staircase leading down here.
You climb downwards.
An endoplasm and Ijyb come into view.
Ijyb is wielding a +0 club and carrying a wand of mindburst (15).
Ijyb shouts!
Found 4 gold pieces.
There is a stone staircase leading up here.
You aren't carrying any items that you can evoke.
Found 21 stones.
You feel very mighty all of a sudden.
Ijyb zaps a wand.
You barely resist. You punch Ijyb!
Ijyb is moderately wounded.
Ijyb hits you but does no damage.
You hit Ijyb.
Ijyb is heavily wounded.
Ijyb hits you but does no damage.
You barely miss Ijyb.
Ijyb is heavily wounded.
The endoplasm freezes you.
You are frozen.
Ijyb hits you with a +0 club.
A dart slug comes into view.
You punch Ijyb!
Ijyb is severely wounded.
The endoplasm freezes you.
You are frozen.
* * * LOW HITPOINT WARNING * * *
Ijyb hits you with a +0 club.
* * * LOW HITPOINT WARNING * * *
The endoplasm is struck by your spines.
The endoplasm hits you but does no damage.
Unknown command.
Ijyb zaps a wand.
You barely resist.
Found a green potion.
You punch the endoplasm!
You kill the endoplasm!
Makhleb accepts your kill.
Ijyb zaps a wand.
Your mind is blasted!
Ouch! That really hurt!
You die...

.≈≈≈≈ .. .≈≈≈≈
≈.! ..≈≈≈###
##...
#..≈≈≈≈####.....
#...≈≈≈≈≈......
#............
#..........
#..@..#
###g##### #
#####...####....
#...............
#.....#.###...w.
#.##............
# ##..<..##.(..
#..............
#.###...#.###+#


You could see Ijyb.

Vanquished Creatures
  2 adders (D:2)
  A worm (D:2)
  5 dart slugs
  5 endoplasms
  A giant cockroach (D:1)
  A goblin (D:1)
  3 hobgoblins (D:1)
  3 ball pythons
  4 bats
  5 kobolds (D:1)
  5 rats (D:1)
35 creatures vanquished.

Notes
Turn   | Place    | Note
-------+----------+-------------------------------------------
     0 | D:1      | tsouns the Demonspawn Fighter began the quest for the Orb.
     0 | D:1      | Reached XP level 1. HP: 18/18 MP: 1/1
   147 | D:1      | Gained mutation: You are partially covered in sharp spines.
                  | [demonic ancestry]
   147 | D:1      | Reached XP level 2. HP: 24/24 MP: 2/2
   700 | D:1      | Found a faded altar of an unknown god.
   717 | D:1      | Became a worshipper of Makhleb the Destroyer
   717 | D:1      | Reached * piety under Makhleb
   883 | D:1      | Reached XP level 3. HP: 27/29 MP: 3/3
  1173 | D:3      | Noticed Ijyb
  1187 | D:3      | Blown up by Ijyb

Illustrated notes

Levels and vault maps discovered:
D:1:      shiori_arrival_maze, layout_basic,
          ebering_ecumenical_altar_sacrificial
D:2:      layout_rooms
D:3:      layout_basic, overflow_temple_1_default, grunt_temple_overflow_open,
          hellmonk_ghost_happy_afterlife, minmay_misc_feat_four_crosses,
          minivault_19, grunt_decor_junction, uniq_ijyb, uniq_jessica,
          uniq_terence

Skill      XL: |  1  2 |
---------------+-------+-----
Unarmed Combat | 2 3 |  3.8
Fighting       | |  3.0
Armour         | |  2.6
Shields        | |  2.7

Action                   || total
-------------------------++-------
Melee: Unarmed           ||    95
  Use: Potion            ||     1
Armor: Scale mail        ||    34
Dodge: Dodged            ||    18
Block: Kite shield       ||    39

Table legend: (Time is in decaauts)
 A = Elapsed time spent in this place.
 B = Non-inter-level travel time spent in this place.
 C = Inter-level travel time spent in this place.
 D = Time resting spent in this place.
 E = Time spent auto-exploring this place.
 F = Levels seen in this place.
 G = Mean time per level.
                   A        B        C        D        E       F      G
               +--------+--------+--------+--------+--------+-----+--------+
         Total |   1206 |   1206 |      0 |      0 |    962 |   3 |  402.0 |
       Dungeon |   1206 |   1206 |      0 |      0 |    962 |   3 |  402.0 |
               +--------+--------+--------+--------+--------+-----+--------+

Top non-repeatable levels by time:
     D:1: 952 daAuts
     D:2: 239 daAuts
     D:3: 14 daAuts
